 Dungeon Crawl Stone Soup version 0.28-a0-1174-g766a6a42ef (webtiles) character file.

Game seed: 11221627740500981900

1292 Armakuni the Charlatan (level 8, -2/48 HPs)
             Began as a Human Artificer on Dec 16, 2021.
             Slain by an ogre (18 damage)
             ... on level 5 of the Dungeon.
             The game lasted 00:17:56 (6003 turns).

Armakuni the Charlatan (Human Artificer)            Turns: 6003, Time: 00:17:57

Health: -2/48      AC:  9    Str: 14    XL:     8   Next: 86%
Magic:  8/8        EV: 10    Int: 13    God:
Gold:   694        SH:  0    Dex: 21    Spells: 7/7 levels left

rFire   . . .      SeeInvis .   a - staff of conjuration
rCold   . . .      Faith    .   (no shield)
rNeg    . . .      Spirit   .   s - +3 ring mail {Will+}
rPois   .          Reflect  .   (no helmet)
rElec   .          Harm     .   d - +0 cloak
rCorr   .          Rampage  .   (no gloves)
Will    ++...                   (no boots)
Stlth   +.........              (no amulet)
HPRegen 0.96/turn               D - +6 ring of dexterity
MPRegen 0.11/turn               (no ring)

@: about to teleport
A: clever 1, frail 1, strong-willed 1, regeneration 1
a: no special abilities


You were on level 5 of the Dungeon.
You visited 2 branches of the dungeon, and saw 7 of its levels.

You collected 694 gold pieces.

Inventory:

Hand Weapons
 b - a +1 dagger of venom
 m - a +0 broad axe of protection
Armour
 d - a +0 cloak (worn)
 s - a +3 ring mail of willpower (worn)
Magical Staves
 a - a staff of conjuration (weapon)
 e - a staff of air
 n - a staff of cold
Jewellery
 D - a +6 ring of dexterity (left hand)
 F - a ring of fire
Wands
 k - a wand of digging (5)
Scrolls
 f - a scroll of magic mapping
 h - a scroll of vulnerability
Potions
 i - a potion of might
 j - a potion of curing
 l - a potion of mutation
 o - a potion of attraction {unknown}
 p - 2 potions of heal wounds
 q - a potion of berserk rage
 r - a potion of brilliance {unknown}
Miscellaneous
 c - a piece from Xom's chessboard (9/15)


   Skills:
 - Level 1.0 Fighting
 + Level 5.9 Staves
 - Level 2.0 Armour
 - Level 1.0 Dodging
 - Level 1.0 Stealth
 + Level 5.6 Conjurations
 - Level 1.6 Ice Magic
 + Level 5.9 Evocations


You had 7 spell levels left.
You didn't know any spells.
Your spell library contained the following spells:

 Spells                   Type           Power      Damage    Failure   Level
 Shock                    Conj/Air       44%        1d5       21%         1
 Slow                     Hex            0%         N/A       52%         1
 Stone Arrow              Conj/Erth      22%        3d8       52%         3
 Corpse Rot               Necr/Air       0%         N/A       67%         2
 Confusing Touch          Hex            0%         N/A       88%         3
 Swiftness                Air            0%         N/A       88%         3
 Vampiric Draining        Necr           0%         2d6       88%         3
 Airstrike                Air            0%         N/A       99%         4
 Animate Armour           Summ/Erth      0%         N/A       99%         4
 Dispel Undead            Necr           0%         3d6       99%         4
 Death Channel            Necr           0%         N/A       100%        6
 Lehudib's Crystal Spear  Conj/Erth      5%         10d3      100%        8


Dungeon Overview and Level Annotations

Branches:
Dungeon (6/15)             Temple (1/1) D:5

Altars:
Ashenzari
Cheibriados
Dithmenos
Elyvilon
Fedhas
Gozag
Hepliaklqana
Kikubaaqudgha
Makhleb
Nemelex Xobeh
Okawaru
Qazlal
Ru
Sif Muna
Trog
Uskayaw
Vehumet
Wu Jian
Xom
Yredelemnul
Zin
The Shining One

Shops:
D:3 [:?

Annotations:
D:6 Pikel


Innate Abilities, Weirdness & Mutations

Your mind is acute. (Int +2)
You are frail. (-10% HP)
You are strong-willed. (Will+)
Your natural rate of healing is unusually fast.


Message History

You kill the iguana!
No target in view!
You see here an iguana corpse.
HP restored.
j - a potion of curing
Found a ruby potion.
You now have 681 gold pieces (gained 13).
o - a ruby potion
There is a stone staircase leading down here.
Okay, then.
Unknown command.
Found a fuming dark potion.
You now have 694 gold pieces (gained 13).
A steam dragon comes into view.
A steam dragon is nearby!
You make a move on Xom's chessboard...
The steam dragon hisses angrily.
The steam dragon appears confused.
An ogre comes into view. It is wielding a +0 giant club.
Found a glass ring.
You see here a fuming dark potion.
r - a fuming dark potion
Okay, then.
You make a move on Xom's chessboard...
The steam dragon seems to grow stronger.
A lemure comes into view.
The lemure shouts!
Pikel shouts!
You hear a shout! x2
A lemure comes into view.
The steam dragon seems less confused.
There is a stone staircase leading up here.
The ogre hits you with a +0 giant club!!
You climb upwards.
There is a stone staircase leading down here.
You make a move on Xom's chessboard...
The ogre seems to speed up.
The ogre hits you with a +0 giant club!
As you read the scroll of teleportation, it crumbles to dust.
You feel strangely unstable.
The ogre hits you with a +0 giant club!!
You die...

#....... #'###+#. ######
#.....#. #....# #.###.#.
#....# ########## ###.....#.
#....# #........# #.'.._..'.
#....#####.#####.####.#.....#>
#..........#####......#.###.#.
#....#####...@....#####.....#.
#....# ###O###.#....#+###'#.
#....## #..#..#..###.......
#.....## ####.......###......(
#####..# #............##......
##.# #.####.####.........[ #.#
#.####.# ###.###....
#.###.##...####....#.....
#...#....###....#........


You could see an ogre (fast).

Vanquished Creatures
  A centaur zombie (D:5)
  A kobold demonologist (D:5)
  A black bear (D:4)
  4 scorpions
  2 hounds
  Terence (D:3)
  2 iguanas
  2 orc wizards (D:5)
  2 hound skeletons (D:4)
  An adder (D:2)
  A white imp (D:5)
  2 ufetubi (D:5)
  An adder skeleton (D:4)
  6 dart slugs
  12 orcs
  6 bats
  19 endoplasms
  3 giant cockroaches
  9 goblins
  3 hobgoblins
  A jackal (D:4)
  A quokka (D:3)
  5 ball pythons
  5 kobolds
  7 rats
98 creatures vanquished.

Vanquished Creatures (collateral kills)
  A necrophage (D:4)
  A phantom (D:5)
  A jelly (D:5)
  2 orc priests
  4 orcs
  A giant cockroach (D:4)
10 creatures vanquished.

Vanquished Creatures (others)
  An orc priest (D:3)
  An iguana (D:4)
  A fungus (D:5)
3 creatures vanquished.

Grand Total: 111 creatures vanquished

Notes
Turn   | Place    | Note
-------+----------+-------------------------------------------
     0 | D:1      | Armakuni the Human Artificer began the quest for the Orb.
     0 | D:1      | Reached XP level 1. HP: 15/15 MP: 1/1
   299 | D:1      | Reached XP level 2. HP: 21/21 MP: 2/2
   303 | D:1      | Reached skill level 1 in Staves
   303 | D:1      | Reached skill level 1 in Ice Magic
   900 | D:2      | Reached XP level 3. HP: 25/26 MP: 3/3
  1490 | D:2      | Found a faded altar of an unknown god.
  1794 | D:2      | Reached skill level 1 in Conjurations
  2086 | D:2      | Reached XP level 4. HP: 30/32 MP: 4/4
  2199 | D:3      | Found Zatzaat's Book Emporium.
  2493 | D:3      | Found Gatwit's Magic Scroll Boutique.
  2494 | D:3      | Noticed Terence
  2625 | D:3      | Killed Terence
  2898 | D:3      | Reached XP level 5. HP: 20/37 MP: 5/5
  3481 | D:3      | Found Tevy's Armour Emporium.
  3546 | D:4      | You fall into a shaft and drop 1 floor!
  3546 | D:5      | Entered Level 5 of the Dungeon
  3726 | D:5      | Noticed a phantom
  4152 | D:4      | Noticed a black bear
  4153 | D:4      | Noticed a necrophage
  4165 | D:4      | Reached XP level 6. HP: 37/43 MP: 6/6
  4176 | D:4      | Gained mutation: You are strong-willed. (Will+) [potion of
                  | mutation]
  4176 | D:4      | Gained mutation: Your mind is acute. (Int +2) [potion of
                  | mutation]
  4176 | D:4      | Gained mutation: You are frail. (-10% HP) [potion of
                  | mutation]
  4176 | D:4      | Gained mutation: Your natural rate of healing is unusually
                  | fast. [potion of mutation]
  4179 | D:4      | Killed a necrophage
  4185 | D:4      | Killed a black bear
  4293 | D:4      | Reached XP level 7. HP: 43/43 MP: 7/7
  4990 | D:5      | Noticed a kobold demonologist
  5031 | D:5      | Noticed a soul eater
  5036 | D:5      | Killed a kobold demonologist
  5037 | D:5      | Reached skill level 5 in Staves
  5037 | D:5      | Reached skill level 5 in Evocations
  5037 | D:5      | Reached XP level 8. HP: 37/48 MP: 8/8
  5091 | D:5      | Reached skill level 5 in Conjurations
  5321 | D:5      | Found a staircase to the Ecumenical Temple.
  5342 | Temple   | Entered the Ecumenical Temple
  5527 | D:5      | Found an opulent altar of Gozag.
  5901 | D:6      | Noticed Pikel
  6003 | D:5      | Slain by an ogre

Illustrated notes

Levels and vault maps discovered:
D:1:      lightli_arrival_maybe_door_vault, layout_rooms, st_stairs_6,
          minmay_bisected
D:2:      layout_basic, hellmonk_ecumenical_altar_crossroads, minmay_quantized
D:3:      layout_basic, serial_shops, shop, shop, shop, uniq_terence
D:4:      minmay_polygon_palace, layout_loops_ring, minmay_puff
D:5:      layout_rooms, mainiacjoe_overflow_six_doors_small,
          minmay_temple_entry_water_ring, water_boxes_lemuel
D:6:      layout_cave_pools, serial_shops, shop, chequers_serial_rivers_micro_c,
          eino_small_chamber_without_monster, uniq_pikel
Temple:   compressed_dpeg_circular_temple

Skill      XL: |  1  2  3  4  5  6  7  8 |
---------------+-------------------------+-----
Staves         | 1 2 3 4 5 |  5.9
Ice Magic      | 1 |  1.6
Conjurations   | 1 2 3 4 5 |  5.6
Evocations     | 4 5 |  5.9
Fighting       | |  1.0
Armour         | |  2.0
Dodging        | |  1.0
Stealth        | |  1.0

Action                   |  1- 3 |  4- 6 |  7- 9 || total
-------------------------+-------+-------+-------++-------
Melee: Staff             |   103 |   147 |   101 ||   351
       Dagger            |       |    24 |    52 ||    76
Evoke: Wand              |     4 |    16 |    10 ||    30
       Piece from Xom's  |       |     4 |    10 ||    14
  Use: Scroll            |       |     7 |     9 ||    16
       Potion            |       |     1 |     3 ||     4
 Stab: Distracted        |       |       |     1 ||     1
Armor: Leather armour    |    26 |       |       ||    26
       Ring mail         |    17 |    52 |    64 ||   133
Dodge: Dodged            |    73 |   100 |    80 ||   253

Table legend: (Time is in decaauts)
 A = Elapsed time spent in this place.
 B = Non-inter-level travel time spent in this place.
 C = Inter-level travel time spent in this place.
 D = Time resting spent in this place.
 E = Time spent auto-exploring this place.
 F = Levels seen in this place.
 G = Mean time per level.
                   A        B        C        D        E       F      G
               +--------+--------+--------+--------+--------+-----+--------+
         Total |   6014 |   5842 |    172 |    819 |   3380 |   7 |  859.1 |
       Dungeon |   5926 |   5768 |    158 |    819 |   3325 |   6 |  987.7 |
        Temple |     88 |     74 |     14 |      0 |     55 |   1 |   88.0 |
               +--------+--------+--------+--------+--------+-----+--------+

Top non-repeatable levels by time:
     D:2: 1361 daAuts
     D:3: 1300 daAuts
     D:4: 1126 daAuts
     D:5: 1112 daAuts
     D:1: 881 daAuts
     D:6: 144 daAuts
  Temple: 88 daAuts
